 Dungeon Crawl Stone Soup version 0.29-a0-1019-g84f7d21838 (webtiles) character file.

Game seed: 6096969187306195474

104 IdlyInterested the Shooter (level 4, -6/33 HPs)
             Began as a Demonspawn Hunter on Aug 10, 2022.
             Killed by divine providence
             ... invoked by an orc priest
              (11 damage)
             ... on level 3 of the Dungeon.
             The game lasted 00:07:09 (2268 turns).

IdlyInterested the Shooter (Demonspawn Hunter)      Turns: 2268, Time: 00:07:10

Health: -6/33      AC:  5    Str: 11    XL:     4   Next: 52%
Magic:  4/4        EV: 12    Int: 10    God:
Gold:   87         SH:  4    Dex: 19    Spells: 3/3 levels left

rFire   . . .      SeeInvis .   a - +0 shortbow
rCold   . . .      Faith    .   (shield currently unavailable)
rNeg    . . .      Spirit   .   e - +0 ring mail
rPois   .          Reflect  .   (no helmet)
rElec   .          Harm     .   (no cloak)
rCorr   +          Rampage  .   (no gloves)
Will    .....                   (no boots)
Stlth   +.........              (no amulet)
HPRegen 0.11/turn               k - ring of resist corrosion
MPRegen 0.09/turn               (no ring)

@: no status effects
A: condensation shield, weakness stinger 1
a: no special abilities


You were on level 3 of the Dungeon.
You visited 1 branch of the dungeon, and saw 3 of its levels.

You collected 87 gold pieces.

Inventory:

Hand Weapons
 a - a +0 shortbow (weapon)
Missiles
 f - 5 poisoned darts
Armour
 c - a +0 leather armour
 e - a +0 ring mail (worn)
Jewellery
 k - a ring of resist corrosion (left hand)
Scrolls
 b - a scroll of immolation
 d - a scroll of identify {unknown}
 g - 3 scrolls of enchant weapon {unknown}
 i - a scroll of magic mapping {unknown}
 j - a scroll of blinking {unknown}
Potions
 h - a potion of heal wounds {unknown}
 l - a potion of lignification {unknown}
 m - a potion of curing {unknown}


   Skills:
 - Level 2.0 Fighting
 + Level 4.1 Ranged Weapons
 + Level 1.7 Armour
 * Level 3.3 Dodging
 - Level 0.8 Stealth


You had 3 spell levels left.
You didn't know any spells.
Your spell library contained the following spells:

 Spells                   Type           Power      Damage    Failure   Level
 Foxfire                  Conj/Fire      0%         2x1d4     65%         1
 Necrotise                Necr           0%         1d4       65%         1
 Conjure Flame            Conj/Fire      0%         6-21      95%         3
 Inner Flame              Hex/Fire       0%         N/A       95%         3
 Vampiric Draining        Necr           0%         2d6       95%         3
 Flame Wave               Conj/Fire      0%         2d4       100%        4
 Agony                    Necr           0%         N/A       100%        5


Dungeon Overview and Level Annotations

Branches:
Dungeon (3/15)

Altars:


Innate Abilities, Weirdness & Mutations

A meltable shield of frost defends you. (SH +4)
You have a small tail.


Message History

The arrow hits the orc.
The orc is severely wounded.
The ball python bites you but does no damage.
The ball python closely misses you.
The orc priest hits you with a +0 flail.
* * * LOW HITPOINT WARNING * * *
The ball python closely misses you. The ball python barely misses you.
The orc priest looks encouraged for a moment.
Fire: a) +0 shortbow
Press: ? - help, Q - select action, (/) - cycle Shift-Dir - straight line, f/p - ball python
Aim: a ball python (61% to hit)
You shoot an arrow. The arrow hits the ball python!
You kill the ball python!
The orc priest calls upon Beogh to heal the orc.
The orc's wounds heal themselves!
Fire: a) +0 shortbow
Press: ? - help, Q - select action, (/) - cycle Shift-Dir - straight line, f - orc priest
Aim: an orc priest, wielding a +0 flail (lightly wounded, 64% to hit)
You shoot an arrow. The arrow barely misses the orc priest.
You block the orc's attack.
The orc priest hits you with a +0 flail.
* * * LOW HITPOINT WARNING * * *
You block the orc priest's attack. The orc barely misses you.
Fire: a) +0 shortbow
Press: ? - help, Q - select action, (/) - cycle Shift-Dir - straight line, f/p - orc priest
Aim: an orc priest, wielding a +0 flail (lightly wounded, 64% to hit)
You shoot an arrow. The arrow barely misses the orc priest.
The orc priest hits you with a +0 flail.
* * * LOW HITPOINT WARNING * * *
The orc hits you with a +0 dagger.
* * * LOW HITPOINT WARNING * * *
Fire: a) +0 shortbow
Press: ? - help, Q - select action, (/) - cycle Shift-Dir - straight line, f/p - orc priest
Aim: an orc priest, wielding a +0 flail (lightly wounded, 64% to hit)
You shoot an arrow. The arrow hits the orc priest.
The orc priest is heavily wounded.
The orc hits you but does no damage. The orc priest closely misses you.
The orc priest invokes the aid of Beogh against you.
Beogh smites you!
You die...

.# ". .
.####.
.....
...#### #
.......
#.##o......
#.$@o..[...
######..###
..# #


You could see an orc priest and an orc.

Vanquished Creatures
  An orc wizard (D:2)
  An adder (D:2)
  A dart slug (D:1)
  3 orcs
  7 endoplasms
  4 giant cockroaches
  5 hobgoblins
  4 quokkas
  5 ball pythons
  7 bats
  3 frilled lizards
  7 goblins
  7 kobolds (D:2)
  3 rats (D:1)
58 creatures vanquished.

Notes
Turn   | Place    | Note
-------+----------+-------------------------------------------
     0 | D:1      | IdlyInterested the Demonspawn Hunter began the quest for
                  | the Orb.
     0 | D:1      | Reached XP level 1. HP: 16/16 MP: 1/1
   183 | D:1      | Gained mutation: A meltable shield of frost defends you.
                  | (SH +4) [demonic ancestry]
   183 | D:1      | Reached XP level 2. HP: 22/22 MP: 2/2
   228 | D:1      | Found a faded altar of an unknown god.
   504 | D:1      | Reached skill level 1 in Armour
   524 | D:1      | Gained mutation: You have a small tail. [demonic ancestry]
   524 | D:1      | Reached XP level 3. HP: 27/27 MP: 3/3
  1935 | D:2      | Reached skill level 4 in Ranged Weapons
  1935 | D:2      | Reached XP level 4. HP: 19/33 MP: 4/4
  2268 | D:3      | Killed from afar by an orc priest

Illustrated notes

Levels and vault maps discovered:
D:1:      onia_arrival_mini_spirals, layout_basic,
          shapermc_ecumenical_altar_totnotflames, serial_glass, glass_columns_a,
          glass_columns_b
D:2:      minmay_kobold_bridge, layout_basic, serial_bayou_pond_e
D:3:      layout_basic, nicolae_underground_beach

Skill      XL: |  1  2  3 |
---------------+----------+-----
Dodging        | 2 3 |  3.3
Armour         | 1 |  1.7
Ranged Weapons | 4 |  4.1
Fighting       | |  2.0
Stealth        | |  0.8

Action                   |  1- 3 |  4- 6 || total
-------------------------+-------+-------++-------
 Fire: Shortbow          |   176 |    19 ||   195
Armor: Leather armour    |     1 |       ||     1
       Ring mail         |    30 |     7 ||    37
Dodge: Dodged            |    48 |    25 ||    73
Block: Other             |    17 |     4 ||    21

Table legend: (Time is in decaauts)
 A = Elapsed time spent in this place.
 B = Non-inter-level travel time spent in this place.
 C = Inter-level travel time spent in this place.
 D = Time resting spent in this place.
 E = Time spent auto-exploring this place.
 F = Levels seen in this place.
 G = Mean time per level.
                   A        B        C        D        E       F      G
               +--------+--------+--------+--------+--------+-----+--------+
         Total |   2354 |   2194 |    160 |    593 |   1146 |   3 |  784.7 |
       Dungeon |   2354 |   2194 |    160 |    593 |   1146 |   3 |  784.7 |
               +--------+--------+--------+--------+--------+-----+--------+

Top non-repeatable levels by time:
     D:2: 1161 daAuts
     D:1: 1158 daAuts
     D:3: 35 daAuts
